PR
HUDSONVILLE FLANDERSES @ MEMPHIS MUSIC
06/21/2042
 
TOP OF THE 1ST
Hudsonville Flanderses batting - Pitching for Memphis Music : RHP Micheal Carter
Pitching: RHP Micheal Carter
Batting: RHB Patrick Gibbard 0-0: Called Strike
0-1: Ball
1-1: Called Strike
1-2: Ball
2-2: Fly out, F4 (Line Drive, 4, EV 63.8 MPH)
Batting: LHB Lasse Karsberg 0-0: Called Strike
0-1: Foul Ball, location: 2F
0-2: Ball
1-2: Foul Ball, location: 2F
1-2: Strikes out swinging, 2-3 out at first.
Batting: SHB Bailey Stuart 0-0: Ball
1-0: Called Strike
1-1: Ball
2-1: Ball
3-1: Foul Ball, location: 2F
3-2: Foul Ball, location: 2F
3-2: Base on Balls
Batting: LHB Victor de Bree 0-0: Called Strike
0-1: Ground out 4-3 (Groundball, 4, EV 100.6 MPH)
Top of the 1st over - 0 runs, 0 hits, 0 errors, 1 left on base; Hudsonville 0 - Memphis 0
BOTTOM OF THE 1ST
Memphis Music batting - Pitching for Hudsonville Flanderses : LHP Wayne King
Pitching: LHP Wayne King
Batting: RHB Orlando Trujillo 0-0: Called Strike
0-1: Swinging Strike
0-2: Ball
1-2: Ball
2-2: Ball
3-2: Foul Ball, location: 2F
3-2: Strikes out swinging
Batting: RHB Juan Pérez 0-0: Swinging Strike
0-1: Called Strike
0-2: Ball
1-2: Fly out, F7 (Flyball, 78S, EV 87.5 MPH)
Batting: RHB Cheh Che 0-0: Foul Ball, location: 2F
0-1: Ball
1-1: Ball
2-1: Called Strike
2-2: Strikes out swinging
Bottom of the 1st over - 0 runs, 0 hits, 0 errors, 0 left on base; Hudsonville 0 - Memphis 0
TOP OF THE 2ND
Hudsonville Flanderses batting - Pitching for Memphis Music : RHP Micheal Carter
Batting: LHB Ben Yunusov 0-0: Swinging Strike
0-1: Ball
1-1: Foul Ball, location: 2F
1-2: Ball
2-2: Ball
3-2: Strikes out swinging
Batting: RHB Tony Mendoza 0-0: Called Strike
0-1: Ground out 6-3 (Groundball, 6, EV 96.9 MPH)
Batting: LHB Virgil Hughes 0-0: Foul Ball, location: 2F
0-1: Foul Ball, location: 2F
0-2: Foul Ball, location: 2F
0-2: Foul Ball, location: 2F
0-2: Ball
1-2: Ball
2-2: Foul Ball, location: 2F
2-2: Foul Ball, location: 2F
2-2: Ball
3-2: Fly out, F9 (Flyball, 9, EV 93.1 MPH)
Top of the 2nd over - 0 runs, 0 hits, 0 errors, 0 left on base; Hudsonville 0 - Memphis 0
BOTTOM OF THE 2ND
Memphis Music batting - Pitching for Hudsonville Flanderses : LHP Wayne King
Batting: LHB Luis Flores 0-0: Called Strike
0-1: Called Strike
0-2: Ball
1-2: Ball
2-2: Strikes out swinging
Batting: RHB Nestor Soliman 0-0: Ball
1-0: Foul Ball, location: 2F
1-1: Ball
2-1: Fly out, F8 (Flyball, 8RM, EV 79.4 MPH)
Batting: RHB Jeff Kinsinger 0-0: Ball
1-0: Foul Ball, location: 2F
1-1: Ball
2-1: Ground out 4-3 (Groundball, 34, EV 102.5 MPH)
Bottom of the 2nd over - 0 runs, 0 hits, 0 errors, 0 left on base; Hudsonville 0 - Memphis 0
TOP OF THE 3RD
Hudsonville Flanderses batting - Pitching for Memphis Music : RHP Micheal Carter
Batting: RHB Mike Marcus 0-0: Called Strike
0-1: Ball
1-1: Foul Ball, location: 2F
1-2: Ground out 6-3 (Groundball, 56, EV 99.4 MPH)
Batting: RHB Danny McElroy 0-0: Ball
1-0: Called Strike
1-1: Called Strike
1-2: Foul Ball, location: 2F
1-2: Fly out, F9 (Flyball, 9S, EV 92.5 MPH)
Batting: RHB Patrick Gibbard 0-0: SINGLE (Groundball, 34D, EV 94.4 MPH)
Batting: LHB Lasse Karsberg 0-0: Called Strike
0-1: Foul Ball, location: 2F
0-2: Ball
1-2: Foul Ball, location: 2F
1-2: Strikes out looking
Top of the 3rd over - 0 runs, 1 hit, 0 errors, 1 left on base; Hudsonville 0 - Memphis 0
BOTTOM OF THE 3RD
Memphis Music batting - Pitching for Hudsonville Flanderses : LHP Wayne King
Batting: RHB Salvador Rúbio 0-0: Ball
1-0: Fly out, F8 (Line Drive, 8RM, EV 100.6 MPH)
Batting: LHB Seung-yeop Yom 0-0: Ball
1-0: Called Strike
1-1: Fly out, F8 (Flyball, 8LM, EV 96.2 MPH)
Batting: LHB Roberto Torres 0-0: Ball
1-0: Ground out U3 (Groundball, 3S, EV 69.4 MPH)
Bottom of the 3rd over - 0 runs, 0 hits, 0 errors, 0 left on base; Hudsonville 0 - Memphis 0
TOP OF THE 4TH
Hudsonville Flanderses batting - Pitching for Memphis Music : RHP Micheal Carter
Batting: SHB Bailey Stuart 0-0: Ball
1-0: Called Strike
1-1: Called Strike
1-2: Strikes out looking
Batting: LHB Victor de Bree 0-0: Fly out, F8 (Line Drive, 8RD, EV 91.9 MPH)
Batting: LHB Ben Yunusov 0-0: Called Strike
0-1: Foul Ball, location: 2F
0-2: Strikes out looking
Top of the 4th over - 0 runs, 0 hits, 0 errors, 0 left on base; Hudsonville 0 - Memphis 0
BOTTOM OF THE 4TH
Memphis Music batting - Pitching for Hudsonville Flanderses : LHP Wayne King
Batting: RHB Orlando Trujillo 0-0: Ball
1-0: Fly out, F7 (Flyball, 78S, EV 79.4 MPH)
Batting: RHB Juan Pérez 0-0: Called Strike
0-1: Ball
1-1: Ground out 3-1 (Groundball, 34, EV 80.0 MPH)
Batting: RHB Cheh Che 0-0: Ball
1-0: Ball
2-0: Called Strike
2-1: Fly out, F9 (Flyball, 89M, EV 88.1 MPH)
Bottom of the 4th over - 0 runs, 0 hits, 0 errors, 0 left on base; Hudsonville 0 - Memphis 0
TOP OF THE 5TH
Hudsonville Flanderses batting - Pitching for Memphis Music : RHP Micheal Carter
Batting: RHB Tony Mendoza 0-0: Foul Ball, location: 2F
0-1: Foul Ball, location: 2F
0-2: Foul Ball, location: 2F
0-2: Ball
1-2: Strikes out swinging
Batting: LHB Virgil Hughes 0-0: Foul Ball, location: 2F
0-1: Ball
1-1: Swinging Strike
1-2: Ball
2-2: Strikes out swinging
Pitching: RHP Anil Seshu
Batting: RHB Mike Marcus 0-0: Called Strike
0-1: Foul Ball, location: 2F
0-2: Strikes out swinging
Top of the 5th over - 0 runs, 0 hits, 0 errors, 0 left on base; Hudsonville 0 - Memphis 0
BOTTOM OF THE 5TH
Memphis Music batting - Pitching for Hudsonville Flanderses : LHP Wayne King
Batting: LHB Luis Flores 0-0: Called Strike
0-1: Ball
1-1: Ball
2-1: Ball
3-1: Base on Balls
Batting: RHB Nestor Soliman 0-0: Ball
1-0: Ball
2-0: Called Strike
2-1: Foul Ball, location: 2F
2-2: Strikes out swinging
Batting: RHB Jeff Kinsinger 0-0: Called Strike
0-1: Grounds into double play, 4-6-3 (Groundball, 4, EV 90.6 MPH)
Bottom of the 5th over - 0 runs, 0 hits, 0 errors, 0 left on base; Hudsonville 0 - Memphis 0
TOP OF THE 6TH
Hudsonville Flanderses batting - Pitching for Memphis Music : RHP Anil Seshu
Batting: RHB Danny McElroy 0-0: Ball
1-0: Ground out 1-3 (Groundball, 13, EV 68.8 MPH)
Batting: RHB Patrick Gibbard 0-0: Ball
1-0: Reached on error, E3 (Groundball, 34, EV 98.1 MPH)
Batting: LHB Lasse Karsberg 0-0: Ball
1-0: Called Strike
1-1: Ball
2-1: Fly out, F8 (Flyball, 8LD, EV 91.9 MPH)
Batting: SHB Bailey Stuart 0-0: Ball
1-0: Foul Ball, location: 2F
1-1: Fly out, F8 (Flyball, 8RXD, EV 98.1 MPH)
Top of the 6th over - 0 runs, 0 hits, 1 error, 1 left on base; Hudsonville 0 - Memphis 0
BOTTOM OF THE 6TH
Memphis Music batting - Pitching for Hudsonville Flanderses : LHP Wayne King
Batting: RHB Salvador Rúbio 0-0: Ball
1-0: Fly out, F8 (Flyball, 8RS, EV 94.4 MPH)
Batting: LHB Seung-yeop Yom 0-0: Ball
1-0: Foul Ball, location: 2F
1-1: Foul Ball, location: 2F
1-2: Foul Ball, location: 2F
1-2: Foul Ball, location: 2F
1-2: Ground out 4-3 (Groundball, 4, EV 85.0 MPH)
Batting: LHB Roberto Torres 0-0: Foul Ball, location: 2F
0-1: Swinging Strike
0-2: Ball
1-2: Strikes out swinging
Bottom of the 6th over - 0 runs, 0 hits, 0 errors, 0 left on base; Hudsonville 0 - Memphis 0
TOP OF THE 7TH
Hudsonville Flanderses batting - Pitching for Memphis Music : RHP Anil Seshu
Batting: LHB Victor de Bree 0-0: Ball
1-0: Foul Ball, location: 2F
1-1: Ball
2-1: Ball
3-1: DOUBLE (Line Drive, 9LD, EV 110.6 MPH)
Batting: LHB Ben Yunusov 0-0: Foul Ball, location: 2F
0-1: Swinging Strike
0-2: Strikes out looking
Batting: RHB Tony Mendoza 0-0: Called Strike
0-1: Called Strike
0-2: Ball
1-2: Ball
2-2: Ball
3-2: Base on Balls
Batting: LHB Virgil Hughes 0-0: Called Strike
0-1: Foul Ball, location: 2F
0-2: Ball
1-2: Fielders Choice at 2nd, 1-4 (Groundball, 15S, EV 71.9 MPH)
Victor de Bree to third
Batting: RHB Mike Marcus 0-0: Called Strike
0-1: Ball
1-1: Called Strike
1-2: Strikes out swinging
Top of the 7th over - 0 runs, 1 hit, 0 errors, 2 left on base; Hudsonville 0 - Memphis 0
BOTTOM OF THE 7TH
Memphis Music batting - Pitching for Hudsonville Flanderses : LHP Wayne King
Batting: RHB Orlando Trujillo 0-0: Ball
1-0: Ball
2-0: Swinging Strike
2-1: Ball
3-1: Foul Ball, location: 2F
3-2: Strikes out looking
Batting: RHB Juan Pérez 0-0: Ball
1-0: Fly out, F9 (Flyball, 9D, EV 108.8 MPH)
Batting: RHB Cheh Che 0-0: Foul Ball, location: 2F
0-1: DOUBLE (Line Drive, 89M, EV 100.6 MPH)
Batting: LHB Luis Flores 0-0: Ball
1-0: Ball
2-0: Called Strike
2-1: SINGLE (Line Drive, 7S, EV 91.9 MPH)
Cheh Che to third
Runner from 3rd tries for Home, SAFE, throw by LF to home
Batting: RHB Nestor Soliman 0-0: SINGLE (Line Drive, 6MD, EV 98.8 MPH)
Luis Flores to second
Batting: RHB Jeff Kinsinger 0-0: Ball
1-0: Ball
2-0: Called Strike
2-1: Ball
3-1: Base on Balls
Luis Flores to third
Nestor Soliman to second
Batting: RHB Salvador Rúbio 0-0: Foul Ball, location: 2F
0-1: Ground out 4-3 (Groundball, 4, EV 100.6 MPH)
Bottom of the 7th over - 1 run, 3 hits, 0 errors, 3 left on base; Hudsonville 0 - Memphis 1
TOP OF THE 8TH
Hudsonville Flanderses batting - Pitching for Memphis Music : RHP Anil Seshu
Now in RF: Juan Peña
Batting: RHB Danny McElroy 0-0: Ball
1-0: Ball
2-0: Called Strike
2-1: Ball
3-1: Fly out, F7 (Flyball, 7, EV 80.0 MPH)
Batting: RHB Patrick Gibbard 0-0: Foul Ball, location: 2F
0-1: Foul Ball, location: 2F
0-2: Ground out 6-3 (Groundball, 56S, EV 81.2 MPH)
Batting: LHB Lasse Karsberg 0-0: Ball
1-0: Foul Ball, location: 2F
1-1: SINGLE (Flyball, 8RS, EV 96.9 MPH)
Pitching: LHP Tim Little
Batting: SHB Bailey Stuart 0-0: Fly out, F9 (Flyball, 9, EV 74.4 MPH)
Top of the 8th over - 0 runs, 1 hit, 0 errors, 1 left on base; Hudsonville 0 - Memphis 1
BOTTOM OF THE 8TH
Memphis Music batting - Pitching for Hudsonville Flanderses : LHP Wayne King
Batting: LHB Seung-yeop Yom 0-0: Ball
1-0: Swinging Strike
1-1: Ground out 4-3 (Groundball, 34, EV 108.1 MPH)
Batting: LHB Roberto Torres 0-0: Foul Ball, location: 2F
0-1: Called Strike
0-2: Foul Ball, location: 2F
0-2: Ball
1-2: Ball
2-2: Fly out, F7 (Line Drive, 7, EV 99.4 MPH)
Batting: RHB Orlando Trujillo 0-0: Ball
1-0: Ball
2-0: Called Strike
2-1: Foul Ball, location: 2F
2-2: Foul Ball, location: 2F
2-2: Foul Ball, location: 2F
2-2: Foul Ball, location: 2F
2-2: Ball
3-2: Ground out 1-3 (Groundball, 34S, EV 93.1 MPH)
Bottom of the 8th over - 0 runs, 0 hits, 0 errors, 0 left on base; Hudsonville 0 - Memphis 1
TOP OF THE 9TH
Hudsonville Flanderses batting - Pitching for Memphis Music : LHP Tim Little
Batting: LHB Victor de Bree 0-0: Ball
1-0: Ball
2-0: Foul Ball, location: 2F
2-1: Foul Ball, location: 2F
2-2: Strikes out looking
Batting: LHB Ben Yunusov 0-0: Foul Ball, location: 2F
0-1: Ball
1-1: Ball
2-1: Foul Ball, location: 2F
2-2: Foul Ball, location: 2F
2-2: Foul Ball, location: 2F
2-2: Ball
3-2: Fly out, F8 (Flyball, 8LD, EV 90.0 MPH)
Batting: RHB Tony Mendoza 0-0: Fly out, F8 (Flyball, 8RXD, EV 81.9 MPH)
Top of the 9th over - 0 runs, 0 hits, 0 errors, 0 left on base; Hudsonville 0 - Memphis 1
Friday, March 26th, 2021 - OOTP Baseball 20.8 Build 74